Map: Winter's Gate LE

Players

Esquire

  • Race: Terran Terran
  • League: Diamond
  • Spawn Location: 11:00

pHARM - Winner!

  • Race: Zerg Zerg
  • League: Platinum
  • Spawn Location: 5:00

VOD

Have the link to the VOD?

Description

Time

  • Played on: Sept. 13, 2019, 10:27 p.m.
  • Length: 11:53
Show
View Real Time Build Order
Export as new Build Order

Esquire Terran 

Build Orders:  

Get SALT Encoding   

  12  0:01  SCV  
  13  0:13  SCV  
  14  0:26  Supply Depot  
  14  0:28  SCV  
  15  0:33  Refinery  
  15  0:47  SCV  
  16  0:52  Barracks  
  16  0:59  SCV  
  17  1:11  SCV  
  18  1:23  SCV  
  19  1:33  Command Center  
  19  1:36  SCV  
  20  1:40  Marine  
  20  1:46  Supply Depot  
  21  1:54  Orbital Command  
  21  2:07  Reaper  
  22  2:17  Factory  
  22  2:20  SCV  
  23  2:32  SCV  
  24  2:39  Marine  
  25  2:46  SCV  
  26  2:55  Barracks  
  26  2:57  Marine  
  27  2:59  SCV  
  27  3:04  SCV  
  29  3:16  SCV  
  29  3:17  Factory Reactor  
  29  3:19  Marine  
  31  3:36  Marine  
  31  3:40  SCV  
  33  3:42  SCV  
  33  3:51  Barracks Reactor  
  33  3:53  SCV  
  33  3:54  SCV  
  35  3:57  Barracks Tech Lab  
  35  3:59  Hellion x2  
  39  4:05  SCV  
  39  4:06  SCV  
  39  4:07  Supply Depot  
  41  4:10  Refinery  
  41  4:12  Refinery  
  41  4:14  Refinery  
  42  4:17  SCV  
  42  4:18  Stimpack  
  42  4:19  Marine, SCV  
  42  4:20  Hellion  
  46  4:28  Hellion  
  46  4:29  SCV  
  49  4:38  SCV  
  49  4:41  SCV  
  49  4:42  Hellion  
  53  4:50  SCV  
  54  4:59  Factory  
  54  5:24  Hellion  
  54  5:36  SCV x2  
  54  5:42  Marine x2, Hellion  
  54  5:49  Factory Reactor  
  54  6:00  Orbital Command  
  54  6:09  Command Center  
  54  6:15  Supply Depot  
  54  6:16  Supply Depot  
  54  6:17  Supply Depot  
  54  6:20  SCV, Supply Depot  
  54  6:21  Supply Depot  
  54  6:37  Marine x3, SCV, Hellion x4  
  66  6:49  SCV  
  66  6:53  SCV  
  68  6:54  Marine x2  
  68  6:55  Marine  
  68  6:59  Hellion x4  
  79  7:01  SCV  
  79  7:05  SCV  
  81  7:12  Marine x3  
  81  7:13  SCV  
  85  7:16  Command Center  
  85  7:17  SCV  
  85  7:20  Hellion x2  
  90  7:26  SCV, Factory  
  90  7:29  SCV  
  92  7:30  Marine x2  
  92  7:36  Marine  
  94  7:48  Engineering Bay  
  94  7:50  Engineering Bay  
  94  8:01  Supply Depot  
  94  8:05  Supply Depot  
  94  8:07  Supply Depot x2  
  94  8:08  Supply Depot  
  94  8:10  Supply Depot x2  
  94  8:12  Factory Tech Lab  
  94  8:23  Marine, SCV, Widow Mine x3  
  104  8:27  Widow Mine  
  104  8:29  Supply Depot  
  104  8:33  Supply Depot  
  104  8:35  SCV, Supply Depot  
  104  8:39  Infernal Pre-Igniter  
  105  8:45  Cyclone, Widow Mine  
  105  8:47  SCV  
  111  8:50  Planetary Fortress  
  111  8:59  SCV  
  111  9:00  SCV  
  113  9:12  SCV  
  114  9:17  Cyclone  
  117  9:25  SCV  
  118  9:37  SCV  
  119  9:39  Marine x3  
  119  9:43  Terran Infantry Weapons Level 1  
  119  9:45  Terran Infantry Armor Level 1  
  122  9:50  Cyclone  
  125  9:57  Marine x3  
  128  10:01  Command Center  
  128  10:12  Factory  
  128  10:14  Marine  
  129  10:22  Cyclone  
  83  10:54  Cyclone  
  83  10:55  Marine x3  
  71  11:06  Factory Tech Lab, Factory  
  70  11:13  Marine x3  
  61  11:19  SCV  
  61  11:31  Marine x3  
Show
View Real Time Build Order
Export as new Build Order

pHARM Zerg - Winner!

Build Orders: Hatch First 

Get SALT Encoding   

  12  0:02  Drone  
  13  0:14  Overlord  
  13  0:21  Drone  
  14  0:43  Hatchery  
  14  0:48  Drone  
  14  0:50  Drone  
  14  0:55  Drone  
  16  1:01  Drone  
  17  1:12  Drone  
  18  1:21  Drone  
  19  1:27  Spawning Pool  
  18  1:37  Drone  
  19  1:45  Drone  
  20  1:50  Extractor  
  19  1:59  Drone  
  19  2:00  Drone  
  21  2:12  Drone x2  
  23  2:19  Drone x2  
  25  2:28  Drone  
  25  2:29  Drone  
  27  2:36  Overlord  
  27  2:53  Overlord  
  27  2:54  Queen x2, Drone x2  
  33  3:05  Metabolic Boost  
  33  3:08  Drone x2  
  35  3:21  Drone  
  35  3:22  Drone x3  
  39  3:41  Drone x3  
  42  3:50  Pneumatized Carapace  
  42  3:53  Queen  
  44  3:59  Overlord x3  
  44  4:18  Hatchery  
  44  4:19  Extractor  
  44  4:20  Extractor  
  44  4:21  Evolution Chamber  
  40  4:25  Baneling Nest  
  40  4:28  Drone x7  
  40  4:31  Lair  
  46  4:52  Drone  
  47  4:58  Zerg Melee Weapons Level 1  
  47  5:15  Zergling x16, Evolution Chamber  
  47  5:16  Zergling x2  
  51  5:24  Drone x4  
  46  5:37  Drone  
  46  5:38  Drone x3  
  47  5:51  Drone x8  
  55  5:58  Centrifical Hooks, Zerg Ground Armor Level 1  
  55  6:30  Hatchery  
  54  6:45  Hydralisk Den  
  54  6:46  Drone x4  
  57  6:48  Infestation Pit  
  57  6:49  Drone  
  57  6:53  Extractor  
  56  6:55  Zerg Melee Weapons Level 2  
  56  7:10  Zergling x2  
  56  7:11  Zergling x32  
  73  7:21  Baneling x2  
  73  7:22  Baneling x16  
  73  7:31  Zergling x2  
  73  7:32  Overlord x4  
  73  8:05  Drone x12  
  85  8:16  Zerg Ground Armor Level 2  
  85  8:23  Hive  
  85  8:26  Grooved Spines  
  85  8:32  Drone x4  
  85  8:33  Drone x3  
  92  8:34  Drone  
  92  8:36  Drone x5  
  92  8:38  Extractor  
  92  8:40  Extractor  
  96  8:46  Overlord  
  96  8:47  Overlord x4  
  96  8:56  Hatchery  
  95  9:16  Hydralisk x3  
  95  9:17  Hydralisk x7  
  95  9:18  Hydralisk  
  95  9:21  Zergling x10  
  122  9:38  Muscular Augments  
  122  9:53  Hatchery  
  122  9:58  Adrenal Glands  
  121  10:06  Ultralisk Cavern  
  120  10:22  Drone x6  
  120  10:23  Drone x3  
  120  10:25  Hydralisk  
  120  10:26  Hydralisk x6  
  120  10:27  Zergling x8  
  120  10:28  Zergling x12  
  153  10:32  Baneling x5  
  153  10:33  Baneling  
  102  11:34  Zergling x2  
  102  11:35  Zergling x28  
  117  11:42  Extractor  
Tags
 
Matchup
TvZ
Replay Pack
10.7.19
Spawn Locations
Cross Positions
Add a new tag
Caveats
  • Supply blocks, unpowered buildings, or Contaminate may cause inaccurate times.
  • Supply counts are checked every 10 seconds.